 Dungeon Crawl Stone Soup version 0.30.1-11-g7821555f0a (webtiles) character file.

Game seed: 16018695298248887640

18 DemonSlayer the Digger (level 2, -8/19 HPs)
             Began as a Demonspawn Earth Elementalist on Nov 14, 2023.
             Mangled by Sigmund
             ... wielding a +0 scythe
              (10 damage)
             ... on level 3 of the Dungeon.
             The game lasted 00:01:34 (378 turns).

DemonSlayer the Digger (DsEE)                        Turns: 378, Time: 00:01:35

Health: -8/19      AC:  2    Str:  8    XL:     2   Next: 51%
Magic:  5/5        EV: 12    Int: 16    God:
Gold:   65         SH:  0    Dex: 13    Spells: 4/5 levels left

rFire   . . .        c - +0 dagger
rCold   . . .        (no shield)
rNeg    . . .        a - +0 robe
rPois   .            (no helmet)
rElec   .            (no cloak)
rCorr   .            (no gloves)
SInv    .            (no boots)
Will    .....        (no amulet)
Stlth   ++           (no ring)
HPRegen 0.23/turn    (no ring)
MPRegen 0.09/turn

%: no passive effects
@: no status effects
A: hooves 1
a: no special abilities


You were on level 3 of the Dungeon.
You visited 1 branch of the dungeon, and saw 3 of its levels.

You collected 65 gold pieces.

Inventory:

Hand Weapons
 c - a +0 dagger (weapon)
Armour
 a - a +0 robe (worn)
Scrolls
 d - a scroll of noise {unknown}
 e - a scroll of amnesia {unknown}
 f - a scroll of enchant weapon {unknown}
Potions
 b - a potion of magic


   Skills:
 + Level 2.0 Dodging
 + Level 1.9 Stealth
 + Level 2.2 Spellcasting
 + Level 0.8 Transmutations
 + Level 3.2 Earth Magic


You had 4 spell levels left.
You knew the following spells:

 Your Spells              Type           Power      Damage    Failure   Level
a - Sandblast             Erth           24%        2d8       5%          1

Your spell library contained the following spells:

 Spells                   Type           Power      Damage    Failure   Level
 Passwall                 Tmut/Erth      6%         N/A       13%         2
 Stone Arrow              Conj/Erth      12%        3d7       32%         3
 Petrify                  Tmut/Erth      8%         N/A       65%         4


Dungeon Overview and Level Annotations

Branches:
Dungeon (3/15)

Altars:

Annotations:
D:3 Sigmund


Innate Abilities, Weirdness & Mutations

You have large cloven feet.


Message History

No target in view!
No target in view!
No target in view!
HP restored.
Found a stone staircase leading up.
An orc and an endoplasm come into view.
The orc shouts!
You hear a shout! x2
The endoplasm moves out of view.
An orc is nearby!
Sigmund the Dreaded comes into view.
He is wielding a +0 scythe.
A goblin comes into view. It is wielding a +0 dagger.
A hound comes into view.
The goblin shouts!
You hear a bark!
You hear an angry hiss.
An endoplasm comes into view.
The orc hits you with a +0 hand axe.
You hit the orc.
The orc is moderately wounded.
Sigmund gestures wildly while chanting.
Sigmund flickers and vanishes!
Deactivating autopickup; reactivate with Ctrl-A.
The orc barely misses you.
The endoplasm jiggles.
An orc comes into view. It is wielding a +0 club.
A hobgoblin comes into view.
Something hits you! The orc hits you with a +0 hand axe.
The orc moves out of view.
A giant cockroach comes into view.
A hobgoblin opens the door.
The orc closely misses you.
A giant cockroach comes into view.
The goblin misses you. Something hits you.
* * * LOW HITPOINT WARNING * * *
The hound misses you. The hound closely misses you.
You closely miss the hound. Your kick misses the hound.
The hound bites you but does no damage. The endoplasm hits you.
* * * LOW HITPOINT WARNING * * *
Something hits you!
Ouch! That really hurt!
You die...

##.....#####
##...##...#
##.###...#
#.###...####
#..........#
#.....<....#
##.........#
####...####
#...goh@#
#...#.J{#J..#
#..###..#..###..#
#. #..##B# ## #
+....go .#####..
#. .B. #. B.#.


You could see a hound, an orc, 2 endoplasms, a giant cockroach, a hobgoblin and
a goblin.

Vanquished Creatures
  An adder (D:3)
  A ball python (D:1)
  2 endoplasms (D:1)
  2 hobgoblins (D:1)
  A frilled lizard (D:1)
  A goblin (D:1)
  A kobold (D:1)
  A rat (D:1)
10 creatures vanquished.

Notes
Turn   | Place    | Note
-------+----------+-------------------------------------------
     0 | D:1      | DemonSlayer the Demonspawn Earth Elementalist began the
                  | quest for the Orb.
     0 | D:1      | Reached XP level 1. HP: 13/13 MP: 3/3
    18 | D:1      | Found a faded altar of an unknown god.
   239 | D:1      | Gained mutation: You have large cloven feet. [demonic
                  | ancestry]
   239 | D:1      | Reached XP level 2. HP: 17/19 MP: 1/5
   346 | D:3      | Reached skill level 3 in Earth Magic
   369 | D:3      | Noticed Sigmund
   378 | D:3      | Mangled by Sigmund

Illustrated notes

Levels and vault maps discovered:
D:1:      erik_arrival_triangle_small, layout_basic,
          chequers_ecumenical_altar_simple, chequers_garden
D:2:      layout_basic, kennysheep_generic_room_15
D:3:      layout_loops_ring, nzn_hepliaklqana_mist_gate,
          mainiacjoe_overflow_divided_tiny, grunt_dithmenos_smoke_and_mirrors,
          ebering_ghost_disaster_area, minmay_fractal_squares_diagonal_5,
          uniq_sigmund

Skill      XL: |  1  2 |
---------------+-------+-----
Dodging        | 2 |  2.0
Earth Magic    | 3 |  3.2
Stealth        | |  1.9
Spellcasting   | |  2.2
Transmutations | |  0.8

Action                     || total
---------------------------++-------
  Melee: Dagger            ||     6
   Cast: Sandblast         ||     8
   Stab: Sleeping          ||     2
 Armour: Robe              ||     1
  Dodge: Dodged            ||     8
